 Dungeon Crawl Stone Soup version 0.27.1-2-g3b301248ec (webtiles) character file.

Game seed: 6675589075234227663

235 nxtlvl the Chopper (level 5, -10/67 HPs)
             Began as a Draconian Berserker on Sept 30, 2021.
             Was a Follower of Trog.
             Mangled by an ogre (18 damage)
             ... on level 4 of the Dungeon.
             The game lasted 00:03:26 (418 turns).

nxtlvl the Chopper (Draconian Berserker)             Turns: 418, Time: 00:03:27

Health: -10/67     AC:  6    Str: 19    XL:     5   Next: 76%
Magic:  5/5        EV: 12    Int:  7    God:    Trog [*.....]
Gold:   54         SH:  0    Dex: 12    Spells: 4/4 levels left

rFire    . . .     SeeInvis .   a - +0 war axe
rCold    . . .     Faith    .   (no shield)
rNeg     . . .     Spirit   .   (armour unavailable)
rPois    .         Reflect  .   (helmet restricted)
rElec    .         Harm     .   (no cloak)
rCorr    .         Rampage  .   (no gloves)
Will     .....                  c - +0 pair of boots
Stlth    ..........             (no amulet)
HPRegen  0.21/turn              (no ring)
MPRegen  0.09/turn              (no ring)

@: berserking, very quick
A: AC +5, unfitting armour, cold-blooded
a: Renounce Religion, Berserk


You were on level 4 of the Dungeon.
You worshipped Trog.
Trog was aware of your devotion.
You visited 1 branch of the dungeon, and saw 5 of its levels.

You collected 54 gold pieces.

Inventory:

Hand Weapons
 a - a +0 war axe (weapon)
Missiles
 g - 4 javelins (quivered)
Armour
 c - a +0 pair of boots (worn)
Wands
 d - a wand of mindburst (10)
Scrolls
 b - a scroll of fog {unknown}
 e - 2 scrolls of identify {unknown}
 f - a scroll of vulnerability {unknown}


   Skills:
 - Level 3.2 Fighting
 * Level 6.5 Axes
 - Level 2.6 Dodging


You had 4 spell levels left.
You didn't know any spells.
Your spell library was empty.

Dungeon Overview and Level Annotations

Branches:
Dungeon (5/15)
 Temple: D:4-7

Altars:


Innate Abilities, Weirdness & Mutations

Your plain brown scales are hard. (AC +5)
You cannot fit into any form of body armour.
You are cold-blooded and may be slowed by cold attacks.


Message History

The javelin pierces through the orc!
You kill the orc!
Trog accepts your kill.
The javelin pierces through the quokka!
You kill the quokka!
Trog accepts your kill.
The javelin pierces through the ogre!
The ogre is severely wounded.
The orc closely misses you. The orc hits you with a +0 mace.
Unknown command.
Throw: 6 javelins
Press: ? - help, Q - select action, (/) - cycle Shift-Dir - straight line, f/p - ogre
Aim: an ogre, wielding a +0 giant club (severely wounded, 73% to hit)
You throw a javelin. The javelin pierces through the orc.
You kill the orc!
Trog accepts your kill.
The javelin pierces through the ogre.
The ogre is severely wounded.
Unknown command.
Unknown command.
Throw: 5 javelins
Press: ? - help, Q - select action, (/) - cycle Shift-Dir - straight line, f/p - ogre
Aim: an ogre, wielding a +0 giant club (severely wounded, 73% to hit)
You throw a javelin. The javelin pierces through the ogre.
The ogre is severely wounded.
Unknown command.
You hit the ogre.
The ogre is almost dead.
The ogre hits you with a +0 giant club!
You barely miss the ogre.
The ogre is almost dead.
The ogre completely misses you.
You hit the ogre but do no damage. You tail-slap the ogre.
The ogre is almost dead.
The ogre hits you with a +0 giant club!
* * * LOW HITPOINT WARNING * * *
A red film seems to cover your vision as you go berserk!
You feel yourself moving faster!
You feel mighty!
The ogre hits you with a +0 giant club!!
You die...

######## #......#
## #......# .#
#......# .###
#......# ...##
#######......#
.#..######.......#
..#.....#..#####.#
..#.........# #@#
..........#.# #O#
.........##... #)#
#<##......#....#.#
#.##....#.#....#)#
........#.#....#.#
..>.....#.# .##.#
###...###.# #(#
##......


You could see an ogre.

Vanquished Creatures
  An ogre (D:5)
  A howler monkey (D:5)
  Ijyb (D:3)
  Jessica (D:3)
  An iguana (D:4)
  A hound zombie (D:5)
  5 orcs
  2 endoplasms (D:2)
  A goblin (D:2)
  A hobgoblin (D:1)
  A kobold (D:1)
  2 quokkas (D:4)
  4 ball pythons
  A rat (D:1)
23 creatures vanquished.

Notes
Turn   | Place    | Note
-------+----------+-------------------------------------------
     0 | D:1      | nxtlvl the Draconian Berserker began the quest for the Orb.
     0 | D:1      | Reached XP level 1. HP: 19/19 MP: 1/1
   202 | D:3      | Noticed Ijyb
   205 | D:3      | Noticed Jessica
   207 | D:3      | Killed Jessica
   208 | D:3      | Reached skill level 4 in Axes
   208 | D:3      | Reached XP level 2. HP: 17/26 MP: 2/2
   208 | D:3      | Reached XP level 3. HP: 20/31 MP: 3/3
   210 | D:3      | Killed Ijyb
   225 | D:2      | You fall into a shaft and drop 1 floor!
   315 | D:5      | Entered Level 5 of the Dungeon
   324 | D:5      | Noticed an ogre
   331 | D:5      | Killed an ogre
   332 | D:5      | Reached skill level 5 in Axes
   332 | D:5      | Reached XP level 4. HP: 38/38 MP: 4/4
   332 | D:5      | Reached XP level 5. HP: 45/45 MP: 5/5
   334 | D:5      | Reached skill level 6 in Axes
   336 | D:5      | Noticed a yak
   410 | D:4      | Noticed an ogre
   418 | D:4      | Mangled by an ogre

Illustrated notes

Levels and vault maps discovered:
D:1:      onia_arrival_pyramid, layout_loops_ring
D:2:      layout_basic, shapermc_ecumenical_altar_mp_vishouse, st_stairs_1
D:3:      layout_loops_ring, gammafunk_temple_overflow_statue, uniq_jessica,
          uniq_grinder, uniq_ijyb
D:4:      layout_rooms, minitemple, uniq_menkaure
D:5:      cheibrodos_fzero, layout_loops_ring,
          mainiacjoe_overflow_small_starburst, gammafunk_ghost_split

Skill      XL: |  1  2  3  4  5 |
---------------+----------------+-----
Axes           | 4 5 6 |  6.5
Fighting       | |  3.2
Dodging        | |  2.6

Action                   |  1- 3 |  4- 6 || total
-------------------------+-------+-------++-------
Melee: Hand axe          |    21 |       ||    21
       War axe           |     2 |    23 ||    25
       Tailslap          |     1 |     1 ||     2
Throw: Javelin           |       |     7 ||     7
Invok: Berserk           |     2 |     1 ||     3
Armor: Skin              |     6 |     5 ||    11
Dodge: Dodged            |    15 |    16 ||    31
